 Dungeon Crawl Stone Soup version 0.31-a0-1163-gcee99d1eea (webtiles) character file.

Game seed: 12679009034127917573

393 James the Ruffian (level 6, -3/38 HPs)
             Began as an Octopode Shapeshifter on Dec 9, 2023.
             Was an Initiate of Gozag.
             Slain by an ice beast (12 damage)
             ... on level 5 of the Dungeon.
             The game lasted 00:09:05 (3717 turns).

James the Ruffian (Octopode Shapeshifter)           Turns: 3717, Time: 00:09:06

Health: -3/38      AC:  1    Str: 15    XL:     6   Next: 81%
Magic:  0/6        EV: 13    Int: 13    God:    Gozag
Gold:   238        SH:  0    Dex: 11    Spells: 5/5 levels left

rFire   . .          .
                       - Unarmed
rCold   . . .        (no shield)
rNeg    . . .        (helmet currently unavailable)
rPois   .            g - amulet of guardian spirit
rElec   .            (no ring)
rCorr   .            (no ring)
SInv    .            (no ring)
Will    .....        (no ring)
Stlth   ++           (no ring)
HPRegen 0.26/turn    (no ring)
MPRegen 0.10/turn    (no ring)
                     (no ring)

%: guardian spirit
@: beast-form, gold aura
A: beast (slay +2), almost no armour, amphibious, 8 rings, camouflage 1,
gelatinous body 1, (nimble swimmer 1), tentacles
a: Begin Untransformation, Renounce Religion, Potion Petition, Call Merchant,
Bribe Branch


You were on level 5 of the Dungeon.
You worshipped Gozag.
Gozag was aware of your devotion.
You were a hulking beast.
You visited 1 branch of the dungeon, and saw 5 of its levels.

You collected 417 gold pieces.
You spent 140 gold pieces at shops.
You paid 39 gold pieces to Gozag.

Inventory:

Hand Weapons
 b - a +0 sling
   (You found it on level 3 of the Dungeon)
Missiles
 l - 6 poisoned darts
 p - 5 javelins
 w - 4 atropa-tipped darts
 y - 2 boomerangs
Jewellery
 g - an amulet of guardian spirit (around mantle)
   (You found it on level 1 of the Dungeon)
Talismans
 c - a flux talisman
 i - a dragon-blood talisman
   (You found it on level 1 of the Dungeon)
 t - a blade talisman
   (You found it on level 3 of the Dungeon)
 v - a beast talisman
Wands
 o - a wand of mindburst (18)
   (You bought it in a shop on level 4 of the Dungeon)
 u - a wand of paralysis (2)
   (You found it on level 3 of the Dungeon)
Scrolls
 f - 2 scrolls of teleportation {@r4}
 h - 3 scrolls of fog
 j - a scroll of fear {unknown}
 k - a scroll of summoning {unknown}
 r - a scroll of immolation {!r}
Potions
 a - a potion of lignification {!q}
 d - 2 potions of ambrosia {unknown}
 e - 3 potions of magic
 m - a potion of heal wounds {@q2}
 n - a potion of mutation {!q}
 q - a potion of curing {unknown}
 s - 3 potions of berserk rage {unknown}
 x - a potion of brilliance {unknown}
 z - a potion of invisibility {unknown}


   Skills:
 - Level 1.0 Fighting
 - Level 2.0 Dodging
 - Level 6.0 Unarmed Combat
 + Level 5.0 Shapeshifting


You had 5 spell levels left.
You didn't know any spells.
Your spell library contained the following spells:

 Spells                   Type           Power      Damage    Failure   Level
 Cigotuvi's Dreadful Rot  Necr/Pois/Air  0%         N/A       43%         2
 Ensorcelled Hibernation  Hex/Ice        0%         N/A       43%         2
 Wereblood                Tmut           0%         N/A       43%         2
 Mephitic Cloud           Conj/Pois/Air  0%         N/A       67%         3
 Irradiate                Conj/Tmut      0%         3d11      100%        5
 Polar Vortex             Ice            0%         N/A       100%        9


Dungeon Overview and Level Annotations

Branches:
Dungeon (5/15)
 Temple: D:4-7

Altars:
Dithmenos
Fedhas
Gozag
Hepliaklqana
Wu Jian

Shops:
D:2 [   D:4 *

Annotations:
D:3 2 transporters, Kairakan's ghost, amateur FoHu


Innate Abilities, Weirdness & Mutations

You are a hulking beast.
Your limbs bulge with bestial killing power. (Slay +2)
You cannot wear most types of armour.
You are amphibious.
You can wear up to eight rings at the same time.
Your skin changes colour to match your surroundings (Stealth+).
Your rubbery body absorbs attacks. (AC +1, EV +1)
((You are camouflaged when in or above water. (Stealth+)))
You have tentacles for arms and can constrict up to eight enemies at once.


Message History

Okay, then.
Unknown command.
The adder is distracted by your dazzling golden aura.
Found 4 stones.
The orc is distracted by your dazzling golden aura.
You closely miss the orc.
The orc shouts!
You grab the orc. You constrict the orc.
You hear an angry hiss.
The orc is no longer distracted by gold.
The orc barely misses you.
You tentacle-slap the orc. You constrict the orc.
You kill the orc!
You barely miss the ice beast. The ice beast hits you.
The ice beast freezes you.
You barely miss the ice beast. The ice beast closely misses you.
You tentacle-slap the ice beast. Your squeeze misses the ice beast.
The ice beast hits you. The ice beast freezes you!
The orc is distracted by your dazzling golden aura.
The orc shouts!
You tentacle-slap the ice beast. Your squeeze misses the ice beast.
The ice beast hits you. The ice beast freezes you.
* * * LOW HITPOINT WARNING * * *
You closely miss the ice beast.
The orc is distracted by your dazzling golden aura.
The adder is distracted by your dazzling golden aura.
You barely miss the ice beast.
The orc shouts!
The adder hisses angrily.
You squeeze the ice beast. The ice beast barely misses you.
You bludgeon the ice beast! The ice beast hits you.
* * * LOW HITPOINT WARNING * * *
The ice beast freezes you!
* * * LOW HITPOINT WARNING * * *
You feel much better.
The adder is no longer distracted by gold.
The ice beast hits you. The ice beast freezes you!
* * * LOW HITPOINT WARNING * * *
You closely miss the ice beast.
The orc is no longer distracted by gold.
The ice beast hits you.
* * * LOW HITPOINT WARNING * * *
The ice beast freezes you.
* * * LOW HITPOINT WARNING * * *
You tentacle-slap the ice beast but do no damage.
The orc is no longer distracted by gold.
The ice beast hits you.
* * * LOW HITPOINT WARNING * * *
The ice beast freezes you!
You die...
Your body crumbles into a pile of gold.

####......
........#
#......#
#......#
#...o..#
#w# #o#
#Y# #h#
#.# #..
.... ....#
.....#
.....#
.(....#


You could see an ice beast, a worm and 2 orcs.

Vanquished Creatures
  3 killer bees (D:4)
  A hound (D:4)
  An orc priest (D:3)
  An iguana (D:3)
  A sleepcap (D:4)
  An orc wizard (D:3)
  2 adders (D:2)
  3 worms
  4 dart slugs
  11 orcs
  6 bats
  2 endoplasms
  4 giant cockroaches
  7 goblins
  4 hobgoblins
  8 jackals (D:4)
  4 quokkas
  3 ball pythons (D:1)
  4 frilled lizards
  8 kobolds
  3 rats
81 creatures vanquished.

Notes
Turn   | Place    | Note
-------+----------+-------------------------------------------
     0 | D:1      | James the Octopode Shapeshifter began the quest for the
                  | Orb.
     0 | D:1      | Reached XP level 1. HP: 13/13 MP: 1/1
   122 | D:1      | Reached XP level 2. HP: 17/18 MP: 2/2
   404 | D:1      | Reached skill level 4 in Unarmed Combat
   500 | D:1      | Reached XP level 3. HP: 23/23 MP: 3/3
  1109 | D:2      | Got Sif Muna's Folio of the Tainted Deep Freeze
  1222 | D:2      | Reached XP level 4. HP: 25/28 MP: 2/4
  1536 | D:2      | Found Duefash's Armour Boutique.
  1727 | D:3      | Found a shadowy altar of Dithmenos.
  1729 | D:3      | Found a blossoming altar of Fedhas.
  1730 | D:3      | Found a hazy altar of Hepliaklqana.
  1821 | D:3      | Found an opulent altar of Gozag.
  1826 | D:3      | Became a worshipper of Gozag Ym Sagoz the Greedy
  1845 | D:3      | Reached skill level 5 in Unarmed Combat
  1874 | D:3      | Reached XP level 5. HP: 30/33 MP: 5/5
  1907 | D:3      | Found a transporter.
  2018 | D:3      | Noticed Kairakan's ghost (amateur FoHu)
  2050 | D:3      | Found a transporter.
  2063 | D:3      | Reached skill level 6 in Unarmed Combat
  2505 | D:4      | Found an ornate altar of the Wu Jian Council.
  2744 | D:4      | Found Haifeqel's Assorted Antiques.
  2749 | D:4      | Bought 2 inky potions for 32 gold pieces
  2749 | D:4      | Bought a scroll labelled QONAIBUASYI for 18 gold pieces
  2749 | D:4      | Bought a scroll labelled ZEMIMA CINWUI for 18 gold pieces
  2749 | D:4      | Bought a shiny wooden wand for 72 gold pieces
  2961 | D:4      | Reached XP level 6. HP: 33/38 MP: 6/6
  3694 | D:5      | Entered Level 5 of the Dungeon
  3702 | D:5      | Noticed an ice beast
  3704 | D:5      | Reached skill level 5 in Shapeshifting
  3717 | D:5      | Slain by an ice beast

Illustrated notes

Levels and vault maps discovered:
D:1:      minmay_arrival_wavy_path, layout_basic, serial_aquarium,
          aquarium_bridge_square [aquarium_subvault_wall,
          aquarium_subvault_window, aquarium_subvault_wall,
          aquarium_subvault_bridge], aquarium_window_1, aquarium_window_2,
          aquarium_view_2d, aquarium_pool_split
D:2:      layout_basic, serial_shops, shop, chequers_serial_rivers_micro_c
D:3:      layout_rooms, nicolae_gozag_cash_rules_everything_around_me,
          chequers_temple_overflow_statue_of_worship, gammafunk_ghost_mausoleum,
          small_statue_intersection, minmay_curled_crystal,
          amcnicky_mini_rare_corridor_liquid
D:4:      layout_loops_corners, nzn_wu_jian_contemplation, serial_shops, shop,
          kennysheep_generic_room_5
D:5:      layout_basic, kennysheep_mini_moat, gup_sewer_entry_spiral

Skill      XL: |  1  2  3  4  5  6 |
---------------+-------------------+-----
Unarmed Combat | 4 5 6 |  6.0
Shapeshifting  | 4 5 |  5.0
Fighting       | |  1.0
Dodging        | |  2.0

Action                     |  1- 3 |  4- 6 || total
---------------------------+-------+-------++-------
  Melee: Unarmed           |    64 |    83 ||   147
         Constrict         |    14 |    14 ||    28
         Tentacles         |     8 |    12 ||    20
         Punch             |     2 |     1 ||     3
   Fire: Sling             |       |    67 ||    67
    Use: Scroll            |       |    12 ||    12
         Potion            |       |     2 ||     2
   Stab: Sleeping          |     9 |       ||     9
 Armour: Skin              |    19 |    51 ||    70
  Dodge: Dodged            |    33 |    42 ||    75

Table legend: (Time is in decaauts)
 A = Elapsed time spent in this place.
 B = Non-inter-level travel time spent in this place.
 C = Inter-level travel time spent in this place.
 D = Time resting spent in this place.
 E = Time spent auto-exploring this place.
 F = Levels seen in this place.
 G = Mean time per level.
                   A        B        C        D        E       F      G
               +--------+--------+--------+--------+--------+-----+--------+
         Total |   3716 |   3436 |    280 |    228 |   2442 |   5 |  743.2 |
       Dungeon |   3716 |   3436 |    280 |    228 |   2442 |   5 |  743.2 |
               +--------+--------+--------+--------+--------+-----+--------+

Top non-repeatable levels by time:
     D:4: 1246 daAuts
     D:1: 880 daAuts
     D:2: 851 daAuts
     D:3: 717 daAuts
     D:5: 20 daAuts
